 Dungeon Crawl Stone Soup version 0.31.0-32-g396128a36d (webtiles) character file.

Game seed: 6145170664013373394

118 monsoonserge the Cudgeller (level 5, 0/36 HPs)
             Began as an Octopode Cinder Acolyte on Mar 21, 2024.
             Was a High Priest of Ignis.
             Slain by an orc priest
             ... wielding a +0 war axe
              (6 damage)
             ... on level 3 of the Dungeon.
             The game lasted 00:03:50 (2094 turns).

monsoonserge the Cudgeller (OpCA)                   Turns: 2094, Time: 00:03:51

Health: 0/36       AC:  3    Str: 15    XL:     5   Next: 2%
Magic:  6/6        EV: 12    Int: 17    God:    Ignis [*****.]
Gold:   126        SH:  3    Dex:  7    Spells: 4/6 levels left

rFire   + . .        a - -1 mace (flame)
rCold   . . .        d - +0 buckler
rNeg    . . .        h - +2 hat {Stlth+}
rPois   .            (no amulet)
rElec   .            (no ring)
rCorr   .            (no ring)
SInv    .            (no ring)
Will    .....        (no ring)
Stlth   +++          (no ring)
HPRegen 0.26/turn    (no ring)
MPRegen 0.10/turn    (no ring)
                     (no ring)

%: no passive effects
@: no status effects
A: almost no armour, amphibious, 8 rings, camouflage 1, gelatinous body 1,
(nimble swimmer 1), tentacles
a: Renounce Religion, Fiery Armour, Foxfire Swarm, Rising Flame


You were on level 3 of the Dungeon.
You worshipped Ignis.
Ignis was extremely pleased with you.
You visited 1 branch of the dungeon, and saw 3 of its levels.

You collected 126 gold pieces.

Inventory:

Hand Weapons
 a - a -1 mace of flaming (weapon)
Missiles
 c - 6 curare-tipped darts (quivered)
Armour
 d - a +0 buckler (worn)
 h - a +2 hat of stealth (worn)
Scrolls
 b - a scroll of enchant weapon {unknown}
 g - a scroll of brand weapon {unknown}
 i - a scroll of revelation {unknown}
 j - a scroll of butterflies {unknown}
Potions
 e - a potion of enlightenment {unknown}
 f - a potion of haste {unknown}


   Skills:
 + Level 3.4 Fighting
 + Level 4.0 Maces & Flails
 + Level 1.0 Dodging
 + Level 1.9 Stealth
 + Level 0.2 Shields
 - Level 1.0 Unarmed Combat
 + Level 1.0 Spellcasting
 + Level 3.6 Fire Magic


You had 4 spell levels left.
You knew the following spells:

 Your Spells              Type           Power      Damage    Failure   Level
a - Scorch                Fire           26%        2d6       10%         2

Your spell library contained the following spells:

 Spells                   Type           Power      Damage    Failure   Level
 Ignite Poison            Fire/Alch      7%         N/A       80%         4
 Sticky Flame             Fire/Alch      7%         2d4       80%         4
 Ignition                 Fire           6%         3d4       100%        8


Dungeon Overview and Level Annotations

Branches:
Dungeon (3/15)

Altars:


Innate Abilities, Weirdness & Mutations

You cannot wear most types of armour.
You are amphibious.
You can wear up to eight rings at the same time.
Your skin changes colour to match your surroundings (Stealth+).
Your rubbery body absorbs attacks. (AC +1, EV +1)
((You are camouflaged when in or above water. (Stealth+)))
You have tentacles for arms and can constrict up to eight enemies at once.


Message History

Your grab misses the ribbon worm.
The ribbon worm is moderately wounded.
The ribbon worm expels a string of sticky webbing.
The stream of webbing misses you.
You hit the ribbon worm. You burn the ribbon worm. You grab the ribbon worm.
The ribbon worm is moderately wounded.
You constrict the ribbon worm.
The orc priest looks braver for a moment.
The ribbon worm bites you!
You hit the ribbon worm. You burn the ribbon worm.
The ribbon worm is heavily wounded.
You constrict the ribbon worm, but do no damage.
The ribbon worm bites you.
You hit the ribbon worm but do no damage.
The ribbon worm is heavily wounded.
You constrict the ribbon worm. The ribbon worm barely misses you.
You hit the ribbon worm. You burn the ribbon worm. You squeeze the ribbon worm.
The ribbon worm is almost dead.
You constrict the ribbon worm.
You kill the ribbon worm!
You have reached level 5!
You feel clever.
You sock the orc priest! You burn the orc priest.
Your grab misses the orc priest.
You squeeze the orc priest, but do no damage.
The orc priest is severely wounded.
You block the orc priest's attack.
You barely miss the orc priest. Your grab misses the orc priest.
Your tentacle-slap misses the orc priest.
The orc priest is severely wounded.
The orc priest looks encouraged for a moment.
You hit the orc priest. You burn the orc priest.
Your grab misses the orc priest. Your squeeze misses the orc priest.
The orc priest is almost dead.
The orc priest hits you with a +0 war axe! x2
* * * LOW HITPOINT WARNING * * *
You barely miss the orc priest. Your grab misses the orc priest.
The orc priest is almost dead.
The orc priest hits you with a +0 war axe.
You die...

...# #########
##.#####.##
^.^.^..
#......#.#
°.>..w.
##..####.##
..w.^.# .....#
#.# ^.....#
....##
#.######
.....# ##.##
#......# ....#
###
#####.#####..#
#....@ow#
#########


You could see 2 ribbon worms and an orc priest.

Vanquished Creatures
  Jessica (D:2)
  2 adders (D:2)
  3 dart slugs
  4 ribbon worms
  An orc (D:3)
  2 bats (D:1)
  3 endoplasms
  5 giant cockroaches
  5 hobgoblins
  2 jackals (D:1)
  3 quokkas
  4 ball pythons (D:2)
  4 frilled lizards
  8 goblins
  3 kobolds
  5 rats
55 creatures vanquished.

Notes
Turn   | Place    | Note
-------+----------+-------------------------------------------
     0 | D:1      | monsoonserge the Octopode Cinder Acolyte began the quest
                  | for the Orb.
     0 | D:1      | Reached XP level 1. HP: 16/16 MP: 2/2
   103 | D:1      | Reached XP level 2. HP: 16/21 MP: 3/3
   109 | D:1      | Learned a level 2 spell: Scorch
   405 | D:1      | Reached skill level 1 in Unarmed Combat
   648 | D:1      | Found a faded altar of an unknown god.
   655 | D:1      | Reached XP level 3. HP: 22/26 MP: 4/4
  1079 | D:2      | Reached skill level 1 in Stealth
  1079 | D:2      | Reached XP level 4. HP: 26/31 MP: 0/5
  1307 | D:2      | Noticed Jessica
  1313 | D:2      | Killed Jessica
  1759 | D:3      | Reached skill level 1 in Dodging
  2086 | D:3      | Reached skill level 4 in Maces & Flails
  2091 | D:3      | Reached XP level 5. HP: 24/36 MP: 6/6
  2094 | D:3      | Slain by an orc priest

Illustrated notes

Levels and vault maps discovered:
D:1:      dpeg_arrival_windows_large_door, layout_loops_ring,
          shapermc_ecumenical_altar_gd
D:2:      layout_loops_ring, uniq_jessica
D:3:      layout_loops_corners, nicolae_wormholes

Skill      XL: |  1  2  3  4 |
---------------+-------------+-----
Unarmed Combat | 1 |  1.0
Stealth        | 1 |  1.9
Dodging        | 1 |  1.0
Maces & Flails | 4 |  4.0
Fighting       | |  3.4
Shields        | |  0.2
Spellcasting   | |  1.0
Fire Magic     | |  3.6

Action                     |  1- 3 |  4- 6 || total
---------------------------+-------+-------++-------
  Melee: Mace              |    71 |    47 ||   118
         Constrict         |    16 |     8 ||    24
         Tentacles         |    12 |    10 ||    22
         Punch             |     3 |     2 ||     5
   Cast: Scorch            |     1 |       ||     1
   Stab: Distracted        |     1 |       ||     1
         Sleeping          |     1 |     4 ||     5
 Armour: Skin              |    43 |    25 ||    68
  Dodge: Dodged            |    45 |    18 ||    63
  Block: Buckler           |     8 |     3 ||    11
